 Seeded DCSS version 0.30-a0-540-g0af01429fa (webtiles) character file.

Game seed: 7699610741405272615 (custom seed)

87 purpskrrrp the Sneak (level 4, -4/27 HPs)
             Began as a Kobold Brigand on Dec 25, 2022.
             Slain by an orc
             ... wielding a +0 falchion
              (5 damage)
             ... on level 4 of the Dungeon.
             The game lasted 00:05:04 (1457 turns).

purpskrrrp the Sneak (Kobold Brigand)               Turns: 1457, Time: 00:05:05

Health: -4/27      AC:  2    Str:  8    XL:     4   Next: 80%
Magic:  4/4        EV: 16    Int: 12    God:
Gold:   56         SH:  0    Dex: 18    Spells: 3/3 levels left

rFire   . . .      SeeInvis .    q - +3 dagger (freeze)
rCold   . . .      Faith    .    (no shield)
rNeg    . . .      Spirit   .    b - +0 robe
rPois   +          Reflect  .    (no helmet)
rElec   .          Harm     .    g - scarf {repulsion}
rCorr   .          Rampage  .    (no gloves)
Will    .....                    (no boots)
Stlth   ++++                     (no amulet)
HPRegen 0.24/turn                f - ring of poison resistance
MPRegen 0.09/turn                m - +4 ring of evasion

@: brilliant, constricted, repel missiles
A: small, no large weapons, nightstalker 3
a: no special abilities


You were on level 4 of the Dungeon.
You visited 1 branch of the dungeon, and saw 4 of its levels.

You collected 56 gold pieces.

Inventory:

Hand Weapons
 a - a +2 dagger
 e - a +2 whip of venom
 q - a +3 dagger of freezing (weapon)
Missiles
 d - 8 poisoned darts
 h - 3 curare-tipped darts
Armour
 b - a +0 robe (worn)
 c - a +0 cloak
 g - a scarf of repulsion (worn)
 o - a scarf of resistance
Jewellery
 f - a ring of poison resistance (left hand)
 m - a +4 ring of evasion (right hand)
 r - a ring of flight
Potions
 l - 2 potions of degeneration
 n - 2 potions of curing


   Skills:
 + Level 2.9 Fighting
 * Level 4.3 Short Blades
 - Level 2.1 Throwing
 + Level 2.5 Dodging
 + Level 5.9 Stealth


You had 3 spell levels left.
You didn't know any spells.
Your spell library contained the following spells:

 Spells                   Type           Power      Damage    Failure   Level
 Shock                    Conj/Air       0%         1d3       32%         1
 Swiftness                Air            0%         N/A       69%         3
 Airstrike                Air            0%         2d(0-16)  97%         4


Dungeon Overview and Level Annotations

Branches:
Dungeon (5/15)
 Temple: D:4-7

Altars:


Innate Abilities, Weirdness & Mutations

You are small and have problems with some larger weapons.
You are completely attuned to the shadows.


Message History

You completely miss something. The ball python closely misses you.
The ball python barely misses you.
You hit something. You freeze something. The orc misses you.
The orc wizard gestures at you while chanting.
You resist with some effort. The orc misses you.
You hear some strange, mumbled words.
A magic dart appears from out of thin air!
The magic dart hits you!
* * * LOW HITPOINT WARNING * * *
The ball python misses you. The ball python grabs you.
The ball python constricts you.
* * * LOW HITPOINT WARNING * * *
You miss something. The orc completely misses you.
The orc wizard closely misses you. The orc barely misses you.
You hear some strange, mumbled words.
You are confused.
The ball python closely misses you. The ball python constricts you.
* * * LOW HITPOINT WARNING * * *
You're too confused to move!
The orc misses you.
The orc wizard hits you with a +0 dagger.
* * * LOW HITPOINT WARNING * * *
The orc completely misses you. Something barely misses you.
The ball python misses you. The ball python constricts you.
You are too confused!
You feel better. The orc misses you. The orc wizard closely misses you.
The orc hits you but does no damage. Something hits you.
* * * LOW HITPOINT WARNING * * *
The ball python misses you. The ball python constricts you.
* * * LOW HITPOINT WARNING * * *
Sorry, you're not good enough to have a special ability.
It was a potion of brilliance.
You feel clever all of a sudden. The ball python misses you.
The ball python constricts you.
* * * LOW HITPOINT WARNING * * *
The orc hits you with a +0 whip.
* * * LOW HITPOINT WARNING * * *
The orc wizard hits you with a +0 dagger.
* * * LOW HITPOINT WARNING * * *
The orc hits you with a +0 falchion.
You die...

##......#.#
#...#...
.o....## ..
#.###.
...##.#...
...#......
..ho{.....
..oS@$..#
...oo...#
....#.....
...###....
... ....


You could see an orc wizard, 3 orcs, a jackal (wandering) and a ball python.

Vanquished Creatures
  An iguana (D:5)
  A gnoll (D:1)
  2 dart slugs
  2 bats (D:1)
  2 endoplasms (D:1)
  2 giant cockroaches
  7 goblins
  4 hobgoblins
  2 jackals (D:5)
  2 quokkas
  6 ball pythons
  5 frilled lizards
  3 kobolds (D:1)
  6 rats
45 creatures vanquished.

Notes
Turn   | Place    | Note
-------+----------+-------------------------------------------
     0 | D:1      | purpskrrrp the Kobold Brigand began the quest for the Orb.
     0 | D:1      | Reached XP level 1. HP: 12/12 MP: 1/1
   188 | D:1      | Reached XP level 2. HP: 18/18 MP: 2/2
   209 | D:1      | Reached XP level 3. HP: 20/22 MP: 3/3
   912 | D:2      | Reached XP level 4. HP: 27/27 MP: 4/4
  1188 | D:2      | You fall into a shaft and drop 2 floors!
  1231 | D:5      | Entered Level 5 of the Dungeon
  1457 | D:4      | HP: 1/27 [orc wizard/+0 dagger (1)]
  1457 | D:4      | Slain by an orc

Illustrated notes

Levels and vault maps discovered:
D:1:      mushboom_english_gardens, layout_rooms
D:2:      layout_basic, serial_shops, nicolae_shop_hallway_plus, chequers_garden
D:4:      kennysheep_goblin_castle, layout_cave_pools,
          minmay_temple_entry_slanted, uniq_pikel
D:5:      layout_cave_pods, mainiacjoe_overflow_small_starburst,
          gup_sewer_entry_pipe, hex_large

Skill      XL: |  1  2  3  4 |
---------------+-------------+-----
Short Blades   | 3 4 |  4.3
Dodging        | 2 |  2.5
Fighting       | |  2.9
Throwing       | |  2.1
Stealth        | |  5.9

Action                   |  1- 3 |  4- 6 || total
-------------------------+-------+-------++-------
Melee: Dagger            |    64 |    49 ||   113
       Whip              |    10 |       ||    10
       Punch             |     1 |       ||     1
Throw: Dart              |     8 |       ||     8
  Use: Scroll            |     8 |     3 ||    11
       Potion            |       |     2 ||     2
 Stab: Sleeping          |     9 |     4 ||    13
Armor: Robe              |     7 |     6 ||    13
Dodge: Dodged            |    47 |    58 ||   105
       Repelled          |     1 |     1 ||     2

Table legend: (Time is in decaauts)
 A = Elapsed time spent in this place.
 B = Non-inter-level travel time spent in this place.
 C = Inter-level travel time spent in this place.
 D = Time resting spent in this place.
 E = Time spent auto-exploring this place.
 F = Levels seen in this place.
 G = Mean time per level.
                   A        B        C        D        E       F      G
               +--------+--------+--------+--------+--------+-----+--------+
         Total |   1432 |   1320 |    112 |    242 |    735 |   4 |  358.0 |
       Dungeon |   1432 |   1320 |    112 |    242 |    735 |   4 |  358.0 |
               +--------+--------+--------+--------+--------+-----+--------+

Top non-repeatable levels by time:
     D:1: 888 daAuts
     D:2: 284 daAuts
     D:5: 199 daAuts
     D:4: 60 daAuts
